 Dungeon Crawl Stone Soup version 0.22-a0-858-g985ef60 (webtiles) character file.

99 Supahsalami the Shield-Bearer (level 4, -3/29 HPs)
             Began as a Gargoyle Fighter on July 27, 2018.
             Slain by Crazy Yiuf
             ... wielding a +2 quarterstaff of chaos
              (8 damage)
             ... on level 2 of the Dungeon.
             The game lasted 00:04:08 (1556 turns).

Supahsalami the Shield-Bearer (Gargoyle Fighter)    Turns: 1556, Time: 00:04:08

Health: -3/29      AC: 10    Str: 20    XL:     4   Next: 72%
Magic:  4/4        EV:  7    Int:  9    God:
Gold:   151        SH:  9    Dex:  9    Spells: 3/3 levels left

rFire    . . .     SeeInvis .   t - +0 mace (curse)
rCold    . . .     Gourm    .   c - +0 shield
rNeg     + . .     Faith    .   b - +0 scale mail
rPois    ∞         Spirit   .   (no helmet)
rElec    +         Reflect  .   (no cloak)
rCorr    .         Harm     .   (no gloves)
MR       .....                  (no boots)
Stlth    ..........             (no amulet)
HPRegen  0.09/turn              (no ring)
MPRegen  0.09/turn              (no ring)

@: very slightly contaminated
A: negative energy resistance 1, electricity resistance, unbreathing,
petrification resistance, rot immunity, AC +3
a: no special abilities


You were on level 2 of the Dungeon.
You were not hungry.

You visited 1 branch of the dungeon, and saw 2 of its levels.

You collected 151 gold pieces.

Inventory:

Hand Weapons
 a - a +0 flail
 t - a cursed +0 mace (weapon)
Missiles
 j - 7 exploding tomahawks (quivered)
 r - 13 stones
Armour
 b - a +0 scale mail (worn)
 c - a +0 shield (worn)
Scrolls
 e - a scroll of fear {unknown}
 h - 2 scrolls of teleportation {unknown}
 k - a scroll of identify {unknown}
 l - 2 scrolls of amnesia {unknown}
 m - a scroll of enchant armour {unknown}
 o - a scroll of remove curse {unknown}
 q - a scroll of magic mapping {unknown}
 s - a scroll of blinking {unknown}
Potions
 d - a potion of might
 i - a potion of haste {unknown}
 n - a potion of cancellation {unknown}
 p - a potion of degeneration {unknown}
Comestibles
 f - 5 rations
 g - 2 chunks of flesh


   Skills:
 + Level 3.9 Fighting
 * Level 3.3 Maces & Flails
 + Level 3.9 Armour
 + Level 3.9 Shields


You had 3 spell levels left.
You didn't know any spells.
Your spell library was empty.

Dungeon Overview and Level Annotations

Branches:
Dungeon (2/15)

Altars:

Annotations:
D:2 Crazy Yiuf


Innate Abilities, Weirdness & Mutations

You are resistant to torment.
Your stone body is resilient. (AC +3)
You are immune to poison.
You resist negative energy. (rN+)
You are resistant to electric shocks. (rElec)
You can survive without breathing.
You are immune to petrification.
You are immune to rotting.


Message History

You miss Crazy Yiuf.
Crazy Yiuf is lightly wounded.
Crazy Yiuf whimpers, "Tosser!"
Crazy Yiuf hits you with a quarterstaff of chaos!
* * * LOW HITPOINT WARNING * * *
Crazy Yiuf burns you.
* * * LOW HITPOINT WARNING * * *
There is an open door here.
You hit Crazy Yiuf but do no damage.
Crazy Yiuf is lightly wounded.
Crazy Yiuf hits you but does no damage. You block Crazy Yiuf's attack.
You flicker back into view.
As you close the door, it creaks loudly!
Crazy Yiuf opens the door.
You block Crazy Yiuf's attack.
There is an open door here.
You hit Crazy Yiuf.
Crazy Yiuf is moderately wounded.
Crazy Yiuf hits you with a quarterstaff of chaos!
You die...

#.#..#.###...........
#....#.# #########...
#.#....# ######.#
######## #...[..#
#.###... #.......
##### ♣♣##..##...
#)..#♣♣ ♣♣.#...##.##
#..g@.♣♣♣♣......##.#
#...#♣..♣......###.#
#####♣♣♣.♣..#..######
♣♣♣♣♣##.......
#....#.# #####
#....#.#
#...###....#.#
#..........#..
##.........#)#


You could see Crazy Yiuf.

Vanquished Creatures
  Terence (D:2)
  3 adders (D:2)
  A worm (D:2)
  A leopard gecko (D:2)
  2 giant cockroaches (D:2)
  6 goblins
  3 hobgoblins (D:1)
  5 kobolds
  2 quokkas (D:2)
  3 ball pythons
  5 bats
  2 frilled lizards (D:1)
  12 rats
46 creatures vanquished.

Notes
Turn   | Place    | Note
-------+----------+-------------------------------------------
     0 | D:1      | Supahsalami the Gargoyle Fighter began the quest for the Orb.
     0 | D:1      | Reached XP level 1. HP: 14/14 MP: 1/1
   174 | D:1      | Reached XP level 2. HP: 19/19 MP: 2/2
   793 | D:2      | Reached XP level 3. HP: 22/23 MP: 3/3
   942 | D:2      | Reached XP level 4. HP: 23/29 MP: 4/4
  1310 | D:2      | Noticed Terence
  1321 | D:2      | Killed Terence
  1531 | D:2      | Found a runed door.
  1535 | D:2      | Noticed Crazy Yiuf
  1556 | D:2      | Slain by Crazy Yiuf

Vault maps used:
D:1:      dpeg_arrival_lava_altar, hangedman_decor_growths, minmay_vboxes
D:2:      minmay_misc_feat_encased, uniq_terence, uniq_crazy_yiuf_cottage

Skill      XL: |  1  2  3 |
---------------+----------+-----
Maces & Flails | 3 |  3.3
Fighting       | |  3.9
Armour         | |  3.9
Shields        | |  3.9

Action                   |  1- 3 |  4- 6 || total
-------------------------+-------+-------++-------
Melee: Flail             |   104 |    29 ||   133
       Mace              |       |    15 ||    15
  Eat: Chunk             |       |     2 ||     2
Armor: Scale mail        |    65 |    15 ||    80
Dodge: Dodged            |    37 |     8 ||    45
Block: Shield            |    61 |    21 ||    82

Table legend:
 A = Spawn XP
 B = Non-spawn XP
 C = Spawn XP percentage of total XP
 D = Spawn monster count
 E = Non-spawn monster count
 F = Spawn count percentage of total count
 G = Total turns spent on level
                    A         B        C        D         E        F      G
               +---------+---------+-------+---------+---------+-------+---------
         Total |       0 |     142 |   0.0 |       0 |      46 |   0.0 |  1556
               +---------+---------+-------+---------+---------+-------+---------
           D:1 |       0 |      31 |   0.0 |       0 |      21 |   0.0 |   702
           D:2 |       0 |     111 |   0.0 |       0 |      25 |   0.0 |   854
               +---------+---------+-------+---------+---------+-------+---------
